 Dungeon Crawl Stone Soup version 0.26-b1-32-g5d43845318 (webtiles) character file.

Game seed: 14362492720563272508

42928 Borgoz the Bludgeoner (level 14, -4/138 HPs)
             Began as a Gargoyle Berserker on Jan 11, 2021.
             Was a High Priest of Trog.
             Slain by an ettin
             ... wielding a +0 dire flail
              (39 damage)
             ... on level 15 of the Dungeon.
             The game lasted 00:25:41 (17774 turns).

Borgoz the Bludgeoner (Gargoyle Berserker)         Turns: 17774, Time: 00:25:41

Health: -4/138     AC: 21    Str: 22    XL:     14   Next: 22%
Magic:  14/14      EV: 25    Int:  8    God:    Trog [*****.]
Gold:   961        SH:  0    Dex: 13    Spells: 13/13 levels left

rFire    . . .     SeeInvis .   s - +0 morningstar (vorpal)
rCold    . . .     Faith    .   (no shield)
rNeg     + . .     Spirit   .   K - +0 troll leather armour
rPois    ∞         Reflect  .   (no helmet)
rElec    +         Harm     .   b - +1 cloak
rCorr    .         Rampage  .   j - +1 pair of gloves
Will     +....                  (no boots)
Stlth    ..........             L - amulet of regeneration
HPRegen  1.13/turn              h - +4 ring of evasion
MPRegen  0.14/turn              y - +4 ring of evasion

@: berserking, very quick
A: big wings, negative energy resistance 1, electricity resistance, unbreathing,
petrification resistance, miasma immunity, AC +10
a: Fly, Renounce Religion, Berserk, Trog's Hand, Brothers in Arms


You were on level 15 of the Dungeon.
You worshipped Trog.
Trog was extremely pleased with you.
You visited 1 branch of the dungeon, and saw 15 of its levels.
You also visited: Ossuary.

You collected 1042 gold pieces.
You spent 81 gold pieces at shops.

Inventory:

Hand Weapons
 s - a +0 vorpal morningstar (weapon)
 I - a +3 vorpal great mace
Armour
 b - a +1 cloak (worn)
 j - a +1 pair of gloves (worn)
 H - the +3 hat of Pondering {ponderous, Will+ MP+10 Int+5}
   (You took it off Gastronok on level 9 of the Dungeon)

   It affects your intelligence (+5).
   It affects your willpower, your defense against some magical effects.
   It affects your magic capacity (+10).
 K - a +0 troll leather armour (worn)
Jewellery
 h - a +4 ring of evasion (left hand)
 m - an uncursed amulet of guardian spirit
 u - an uncursed ring of willpower
 y - a +4 ring of evasion (right hand)
 F - an uncursed ring of ice
 L - an amulet of regeneration (around neck)
Wands
 p - a wand of iceblast (2)
 q - a wand of disintegration (4)
 t - a wand of acid (10)
Scrolls
 d - a scroll of summoning {unknown}
 f - 7 scrolls of remove curse
 g - 2 scrolls of enchant weapon
 i - 3 scrolls of blinking
 k - 3 scrolls of fear
 l - 4 scrolls of teleportation
 x - a scroll of fog {unknown}
 B - a scroll of random uselessness {unknown}
 C - a scroll of silence {unknown}
 D - a scroll of acquirement {unknown}
 G - a scroll of brand weapon {unknown}
 J - a scroll of magic mapping {unknown}
Potions
 a - a potion of resistance
 c - a potion of mutation
 e - 3 potions of curing
 n - 3 potions of heal wounds
 o - 3 potions of ambrosia
 r - 2 potions of cancellation
 v - 3 potions of invisibility
 w - 2 potions of flight
 z - 5 potions of berserk rage
 A - 7 potions of might
 E - 3 potions of haste


   Skills:
 + Level 12.2 Fighting
 * Level 15.1 Maces & Flails
 + Level 12.0 Armour
 + Level 9.4 Dodging


You had 13 spell levels left.
You didn't know any spells.
Your spell library contained the following spells:

 Spells                   Type           Power        Failure   Level
 Apportation              Tloc           0%           43%         1
 Lesser Beckoning         Tloc           0%           82%         3
 Tukima's Dance           Hex            0%           82%         3
 Alistair's Intoxication  Tmut/Pois      0%           100%        5
 Invisibility             Hex            0%           100%        6


Dungeon Overview and Level Annotations

Branches:
Dungeon (15/15)            Temple (0/1) D:7            Lair (0/6) D:9
    Orc (0/2) D:9          Vaults (0/5) D:14        Ossuary (visited)
 Depths: D:15

Altars:
Dithmenos
Elyvilon
Fedhas
Gozag
Kikubaaqudgha
Makhleb
Nemelex Xobeh
Okawaru
Trog
Vehumet
Wu Jian
Xom
Yredelemnul
Zin

Shops:
D:7 *

Annotations:
D:11 exclusion: obsidian statue


Innate Abilities, Weirdness & Mutations

You are resistant to torment.
Your stone body is resilient. (AC +10)
You are immune to poison.
Your large and strong wings let you fly indefinitely.
You resist negative energy. (rN+)
You are resistant to electric shocks. (rElec)
You can survive without breathing.
You are immune to petrification.
You are immune to miasma.


Message History

The ettin hits you with a +0 dire flail!!
The ettin completely misses you.
You are too injured to fight recklessly!
A red film seems to cover your vision as you go berserk!
You feel yourself moving faster!
You feel mighty!
You rip and tear the barbed spikes from your body.
The deep elf archer shoots an arrow.
The arrow misses you. The manticore bites you! The manticore claws you.
* * * LOW HITPOINT WARNING * * *
The manticore claws you but does no damage.
The ettin misses you. The ettin hits you but does no damage.
You sock the ettin!
The ettin is lightly wounded.
The manticore completely misses you. x2; The manticore misses you.
The deep elf archer shoots an arrow.
The arrow hits you!
* * * LOW HITPOINT WARNING * * *
You sock the ettin!
The ettin is moderately wounded.
The ettin hits you with a +0 dire flail!!!
You die...

...#. .... .
.########...#..
...............
........e......
...............
........C......
......H@.......
......(.....###
......(.....#
......(.....#
.....(......#
............#
.##########.#
.#


You could see an ettin, a deep elf archer (repels missiles) and a manticore.

Vanquished Creatures
  Gastronok (D:9)
  The ghost of jaime the Carver, a journeyman MiBe of Trog (D:14)
  Josephine (D:13)
  4 hydras
  A boulder beetle (D:13)
  A centaur warrior (D:14)
  8 vault guards (D:14)
  A catoblepas (D:13)
  A two-headed ogre (D:8)
  A dancing weapon (D:8)
  A tengu warrior (D:14)
  Sonja (D:10)
  The ghost of emiel the Slasher, a novice NaFi of Okawaru (D:8)
  3 unseen horrors
  Pikel (D:6)
  A wolf spider zombie (D:13)
  8 ugly things
  A manticore (D:11)
  2 cyclopes
  3 molten gargoyles (D:11)
  2 gargoyles
  Maggie (D:7)
  A freezing wraith (D:14)
  A tengu conjurer (D:14)
  2 trolls
  3 hornets
  Prince Ribbit (D:6)
  2 shadows (D:14)
  23 yaks
  Eustachio (D:6)
  3 wraiths (D:13)
  Menkaure (D:7)
  An acid dragon (D:12)
  4 wargs (D:9)
  A water moccasin (D:9)
  A soldier ant (D:12)
  8 orc warriors
  6 ice beasts
  4 sky beasts
  3 black bears
  2 phantoms
  14 ogres
  A necrophage (D:7)
  A hornet zombie (D:11)
  3 big kobolds
  11 centaurs
  A wyvern zombie (D:7)
  A gnoll sergeant (D:7)
  12 bullfrogs
  3 scorpions
  A wyvern skeleton (D:8)
  25 wights
  8 killer bees
  2 howler monkeys
  An electric eel (D:10)
  4 bullfrog zombies
  9 orc priests
  6 centaur zombies
  7 hounds
  Crazy Yiuf (D:2)
  5 centaur skeletons
  14 orc wizards
  2 bullfrog skeletons
  Jessica (D:3)
  Ijyb (D:4)
  3 iguanas
  7 worker ants
  A hound skeleton (D:8)
  2 hound zombies
  8 mummies (Ossuary)
  A worker ant zombie (D:6)
  4 gnolls (D:7)
  14 adders
  A howler monkey skeleton (D:7)
  A shadow imp (D:8)
  2 white imps
  An ooze (D:4)
  2 adder zombies
  An adder skeleton (D:6)
  A worm (D:2)
  3 dart slugs
  5 leopard geckos
  34 orcs
  6 giant cockroaches
  4 gnoll zombies
  11 goblins
  13 hobgoblins
  4 jackals (D:2)
  6 quokkas
  12 bats
  2 frilled lizards (D:5)
  3 hobgoblin zombies (Ossuary)
  A jackal skeleton (D:7)
  A jackal zombie (D:7)
  23 kobolds
  A kobold zombie (Ossuary)
  2 orc zombies (Ossuary)
  3 quokka skeletons
  6 rats
436 creatures vanquished.

Vanquished Creatures (others)
  An orc (D:10)
  11 fungi
  4 plants
  3 toadstools (D:3)
19 creatures vanquished.

Grand Total: 455 creatures vanquished

Notes
Turn   | Place    | Note
-------+----------+-------------------------------------------
     0 | D:1      | Borgoz the Gargoyle Berserker began the quest for the Orb.
     0 | D:1      | Reached XP level 1. HP: 14/14 MP: 1/1
   293 | D:1      | Reached XP level 2. HP: 13/19 MP: 2/2
   649 | D:1      | Reached XP level 3. HP: 23/23 MP: 3/3
   721 | D:1      | Reached ** piety under Trog
  1578 | D:2      | Reached XP level 4. HP: 25/29 MP: 4/4
  1926 | D:2      | Reached skill level 4 in Maces & Flails
  2008 | D:2      | Found a blossoming altar of Fedhas.
  2051 | D:2      | Found a runed translucent door.
  2052 | D:2      | Noticed Crazy Yiuf
  2430 | D:2      | Killed Crazy Yiuf
  2431 | D:2      | Reached XP level 5. HP: 33/33 MP: 3/5
  2596 | D:3      | Noticed Jessica
  2603 | D:3      | Killed Jessica
  2686 | D:3      | Reached *** piety under Trog
  2970 | D:3      | Found a burning altar of Makhleb.
  2970 | D:3      | Noticed a balrug
  3068 | D:3      | Found a basalt altar of Yredelemnul.
  3296 | D:3      | Found a shimmering altar of Xom.
  3343 | D:4      | Reached XP level 6. HP: 23/38 MP: 4/6
  3477 | D:4      | Reached skill level 5 in Maces & Flails
  3489 | D:4      | Found a radiant altar of Vehumet.
  3496 | D:4      | Noticed Ijyb
  3507 | D:4      | Killed Ijyb
  3581 | D:4      | Reached XP level 7. HP: 18/44 MP: 1/7
  4367 | D:4      | Found a sparkling altar of Nemelex Xobeh.
  4368 | D:4      | Found an opulent altar of Gozag.
  4375 | D:4      | Reached skill level 5 in Fighting
  4378 | D:4      | Reached skill level 6 in Maces & Flails
  4530 | D:5      | Entered Level 5 of the Dungeon
  4574 | D:5      | Reached XP level 8. HP: 48/49 MP: 8/8
  4604 | D:5      | Reached skill level 5 in Armour
  5028 | D:5      | Reached skill level 7 in Maces & Flails
  5439 | D:6      | Noticed Prince Ribbit
  5458 | D:6      | Killed Prince Ribbit
  5459 | D:6      | Reached XP level 9. HP: 43/56 MP: 7/9
  5529 | D:5      | Reached skill level 8 in Maces & Flails
  5717 | D:6      | Reached **** piety under Trog
  5916 | D:6      | Found an iron altar of Okawaru.
  6269 | D:6      | Noticed Pikel
  6284 | D:6      | Killed Pikel
  6285 | D:6      | Reached skill level 9 in Maces & Flails
  6285 | D:6      | Reached skill level 5 in Dodging
  6500 | D:6      | Noticed Eustachio
  6509 | D:6      | Killed Eustachio
  6660 | D:7      | Found a staircase to the Ecumenical Temple.
  6710 | D:7      | Found Ycaezuh's Assorted Antiques.
  6718 | D:7      | Bought a scroll of identify for 56 gold pieces
  6718 | D:7      | Bought a green potion for 25 gold pieces
  6798 | D:7      | Reached XP level 10. HP: 44/63 MP: 6/10
  6893 | D:7      | Found a bloodstained altar of Trog.
  6897 | D:7      | Found a glowing silver altar of Zin.
  6902 | D:7      | Found an ancient bone altar of Kikubaaqudgha.
  7173 | D:7      | Noticed Menkaure
  7188 | D:7      | Killed Menkaure
  7425 | D:7      | Noticed Maggie
  7437 | D:7      | Killed Maggie
  7887 | D:8      | Reached skill level 10 in Maces & Flails
  7919 | D:8      | Noticed a two-headed ogre
  7925 | D:8      | Killed a two-headed ogre
  7954 | D:8      | Found a sand-covered staircase.
  7967 | Ossuary  | Entered an ossuary
  7975 | Ossuary  | Reached ***** piety under Trog
  8299 | D:8      | Found a white marble altar of Elyvilon.
  8300 | D:8      | Found a shadowy altar of Dithmenos.
  8301 | D:8      | Found an ornate altar of the Wu Jian Council.
  8463 | D:8      | Found a runed translucent door.
  8630 | D:8      | Found a shimmering altar of Xom.
  8630 | D:8      | Noticed emiel's ghost (novice NaFi)
  8630 | D:8      | Noticed a +3 quarterstaff of chaos
  9208 | D:8      | Paralysed by a +3 quarterstaff of chaos for 2 turns
  9259 | D:8      | Killed emiel's ghost
  9260 | D:8      | Reached XP level 11. HP: 45/69 MP: 6/11
  9342 | D:8      | Killed a +3 quarterstaff of chaos
  9343 | D:8      | Reached skill level 11 in Maces & Flails
  9681 | D:9      | Found a staircase to the Orcish Mines.
  9753 | D:9      | Found a staircase to the Lair.
 10240 | D:9      | Noticed Gastronok
 10257 | D:9      | Killed Gastronok
 10627 | D:10     | Entered Level 10 of the Dungeon
 10885 | D:10     | Noticed Sonja
 10901 | D:10     | Killed Sonja
 10902 | D:10     | Reached skill level 12 in Maces & Flails
 11521 | D:10     | Reached XP level 12. HP: 77/77 MP: 12/12
 11834 | D:11     | Reached skill level 10 in Fighting
 12266 | D:11     | Reached skill level 10 in Armour
 13026 | D:12     | Noticed a six-headed hydra
 13030 | D:12     | Received a gift from Trog
 13035 | D:12     | Killed a six-headed hydra
 13052 | D:12     | Reached skill level 13 in Maces & Flails
 13788 | D:12     | Noticed a five-headed hydra
 13801 | D:12     | Killed a five-headed hydra
 14417 | D:13     | Noticed Josephine
 14419 | D:13     | Killed Josephine
 14420 | D:13     | Reached XP level 13. HP: 84/84 MP: 13/13
 15443 | D:13     | Reached skill level 14 in Maces & Flails
 15819 | D:14     | Noticed a vault guard
 15838 | D:14     | Killed a vault guard
 15844 | D:14     | Noticed a vault guard
 15845 | D:14     | Reached ****** piety under Trog
 15864 | D:14     | Noticed a vault guard
 15885 | D:14     | Killed a vault guard
 15950 | D:14     | Killed a vault guard
 16018 | D:14     | Noticed a vault guard
 16031 | D:14     | Killed a vault guard
 16165 | D:14     | Noticed a vault guard
 16175 | D:14     | Noticed a vault guard
 16180 | D:14     | Killed a vault guard
 16180 | D:14     | Received a gift from Trog
 16192 | D:14     | Killed a vault guard
 16701 | D:14     | Found a runed translucent door.
 16701 | D:14     | Noticed jaime's ghost (journeyman MiBe)
 16729 | D:14     | Noticed a vault guard
 16735 | D:14     | Killed jaime's ghost
 16767 | D:14     | Killed a vault guard
 16781 | D:14     | Noticed a vault guard
 16806 | D:14     | Killed a vault guard
 16856 | D:14     | Found a gate to the Vaults.
 17055 | D:14     | Gained mutation: Your large and strong wings let you fly
                  | indefinitely. [Gargoyle growth]
 17055 | D:14     | Reached XP level 14. HP: 78/92 MP: 11/14
 17506 | D:14     | Reached skill level 15 in Maces & Flails
 17715 | D:15     | Entered Level 15 of the Dungeon
 17774 | D:15     | Slain by an ettin

Illustrated notes

Levels and vault maps discovered:
D:1:      saegor_arrival_simple_c, layout_loops_corners, serial_glass,
          glass_columns_c, glass_columns_c
D:2:      layout_basic, fedhas_altar_3, uniq_crazy_yiuf_cottage
D:3:      layout_basic, lemuel_zombie_altar_yredelemnul,
          lemuel_coloured_pillars_altar, minmay_misc_feat_room,
          minmay_gold_behind_fungi, makhleb_altar_promises_db, uniq_jessica
D:4:      layout_loops_ring, grunt_temple_overflow_opulence, lemuel_round_altar,
          hex_large, uniq_ijyb
D:5:      layout_basic
D:6:      layout_loops_ring, kennysheep_okawaru_gauntlet, grunt_ministairs_2,
          uniq_pikel, uniq_prince_ribbit1, uniq_eustachio
D:7:      layout_loops_corners, minmay_overflow_temple_star_quad,
          minmay_temple_entry_statues, serial_shops, shop, uniq_menkaure,
          uniq_maggie
D:8:      layout_layer_cave, chequers_temple_overflow_statue_of_worship,
          ebering_ghost_xom, nicolae_ossuary_entry_false_entrances
D:9:      layout_gridville, lair_entry_dummy, minmay_orc_entry_guard_dogs,
          uniq_gastronok
D:10:     layout_gridville, chequers_serial_rivers_micro_d,
          minmay_crystal_water, uniq_sonja
D:11:     layout_stronghold, minivault_8, uniq_erica
D:12:     layout_cave_pods, moated_statue, minivault_21, corexii_corridor_pit
D:13:     layout_grid_maze, uniq_josephine
D:14:     layout_loops_cross, erik_vaults_2, minmay_stone_trees_small,
          hellmonk_ghost_happy_afterlife
D:15:     hangedman_depths_entry_civil_slaughter, layout_small_grid,
          minmay_misc_feat_columns, serial_shops, shop, nicolae_lava_and_water,
          eino_tiny_chamber, minmay_shattered_shrine, uniq_agnes

Skill      XL: |  1  2  3  4  5  6  7  8  9 10 11 12 13 14 |
---------------+-------------------------------------------+-----
Dodging        | 2 3 4 5 6 7 8 9 |  9.4
Maces & Flails | 4 5 6 7 9 10 12 13 14 15 | 15.1
Armour         | 3 4 6 7 8 9 10 11 12 | 12.0
Fighting       | 4 5 6 7 8 9 11 12 | 12.2

Action                   |  1- 3 |  4- 6 |  7- 9 | 10-12 | 13-15 || total
-------------------------+-------+-------+-------+-------+-------++-------
Melee: Mace              |   148 |   142 |   221 |       |       ||   511
       Club              |       |     8 |       |       |       ||     8
       Morningstar       |       |       |   108 |   801 |   549 ||  1458
Invok: Berserk           |     1 |     1 |     3 |     5 |     9 ||    19
       Trog's Hand       |       |     1 |     1 |     2 |     4 ||     8
Evoke: Wand              |       |       |     2 |     8 |       ||    10
  Use: Scroll            |       |     4 |     8 |    10 |       ||    22
       Potion            |       |     3 |     1 |     1 |     6 ||    11
 Stab: Sleeping          |     8 |     4 |     3 |     1 |     1 ||    17
Armor: Animal skin       |    58 |    30 |       |       |       ||    88
       Ring mail         |       |    35 |   171 |    23 |       ||   229
       Steam dragon scal |       |       |       |   294 |   167 ||   461
       Troll leather arm |       |       |       |       |    58 ||    58
Dodge: Dodged            |   117 |    92 |   212 |   773 |   563 ||  1757
